[ AOE2 MATCH · #462768465 ]
UnrankedMongols vs Turks
[ REPLAY ANALYSIS · EXTRACTED FROM THE RECORDED GAME ]
Feudal
—
Castle
—
Imperial
—
| APM avg | 16.2 |
| APM peak | 71 |
| eAPM avg | 15.4 |
| Villagers / military | 434 / 70 |
Focus
⚔️ 25.7% · 🌾 74.3%
Mangudai ×70 · Trade Cart ×70
Feudal
—
Castle
—
Imperial
—
| APM avg | 15.2 |
| APM peak | 44 |
| eAPM avg | 15.0 |
| Villagers / military | 288 / 81 |
Focus
⚔️ 24.6% · 🌾 75.4%
Trade Cart ×65 · Bombard Cannon ×65 · Mangonel ×15 · Monk ×1
Feudal
—
Castle
—
Imperial
—
| APM avg | 28.1 |
| APM peak | 71 |
| eAPM avg | 24.9 |
| Villagers / military | 383 / 117 |
Focus
⚔️ 17.5% · 🌾 82.5%
Trade Cart ×215 · Battle Elephant ×55 · Rattan Archer ×49 · Trebuchet (Packed) ×13
Feudal
—
Castle
—
Imperial
—
| APM avg | 17.4 |
| APM peak | 37 |
| eAPM avg | 16.2 |
| Villagers / military | 187 / 1 |
Focus
⚔️ 29.0% · 🌾 71.0%
Trade Cart ×140 · Monk ×1
Feudal
—
Castle
—
Imperial
—
| APM avg | 30.5 |
| APM peak | 292 |
| eAPM avg | 30.4 |
| Villagers / military | 101 / 0 |
Focus
⚔️ 4.6% · 🌾 95.4%
Trade Cart ×61
Feudal
—
Castle
—
Imperial
—
| APM avg | 30.2 |
| APM peak | 92 |
| eAPM avg | 25.4 |
| Villagers / military | 255 / 176 |
Focus
⚔️ 25.0% · 🌾 75.0%
Centurion ×100 · Trade Cart ×50 · Scorpion ×45 · Battering Ram ×18 · Trebuchet (Packed) ×7 · Mangonel ×5
Match map
Initial resources + every placement click. Lines = walls · curves = elevation contours. ◆ gold · ⬟ stone · ● berries · ✦ relic · ◌ wall gap
Inputs per minute
— IsaacNewton - - Daen
Build order — IsaacNewton
First 150 of 307 actions detected
| 0:41 | Build | Mining Camp |
| 0:44 | Build | Mining Camp |
| 0:46 | Build | Mining Camp |
| 0:48 | Build | Mining Camp |
| 0:54 | Build | Mining Camp |
| 0:58 | Build | Mining Camp |
| 1:02 | Create | Villager (Male) ×5 |
| 1:02 | Create | Villager (Male) ×5 |
| 1:02 | Create | Villager (Male) ×5 |
| 1:22 | Build | Town Center |
| 1:26 | Build | Town Center |
| 1:35 | Build | Town Center |
| 1:45 | Build | Market |
| 1:47 | Build | Market |
| 1:48 | Build | Market |
| 2:01 | Build | Market |
| 2:10 | Build | Town Center |
| 2:14 | Build | Town Center |
| 2:18 | Create | Villager (Male) ×5 |
| 2:18 | Create | Villager (Male) ×5 |
| 2:19 | Create | Villager (Male) ×5 |
| 2:19 | Create | Villager (Male) ×5 |
| 2:19 | Create | Villager (Male) ×5 |
| 2:54 | Build | House |
| 2:55 | Build | House |
| 2:57 | Build | House |
| 2:58 | Build | House |
| 3:00 | Build | House |
| 3:03 | Build | House |
| 3:04 | Build | House |
| 3:07 | Build | House |
| 3:09 | Build | House |
| 3:11 | Build | House |
| 3:12 | Build | House |
| 3:13 | Build | House |
| 3:15 | Build | House |
| 3:16 | Build | House |
| 3:17 | Build | House |
| 3:19 | Build | House |
| 3:21 | Build | House |
| 3:22 | Build | House |
| 3:31 | Create | Villager (Male) ×5 |
| 3:31 | Create | Villager (Male) ×5 |
| 3:31 | Create | Villager (Male) ×5 |
| 3:32 | Create | Villager (Male) ×5 |
| 3:32 | Create | Villager (Male) ×5 |
| 3:38 | Create | Villager (Male) ×5 |
| 3:39 | Create | Villager (Male) ×5 |
| 3:39 | Create | Villager (Male) ×5 |
| 3:39 | Create | Villager (Male) ×5 |
| 3:39 | Create | Villager (Male) ×5 |
| 3:40 | Create | Villager (Male) ×5 |
| 3:47 | Build | Lumber Camp |
| 3:54 | Create | Trade Cart ×5 |
| 3:54 | Create | Trade Cart ×5 |
| 3:54 | Create | Trade Cart ×5 |
| 3:54 | Create | Trade Cart ×5 |
| 3:54 | Create | Trade Cart ×5 |
| 3:55 | Create | Trade Cart ×5 |
| 3:55 | Create | Trade Cart ×5 |
| 3:55 | Create | Trade Cart ×5 |
| 3:56 | Create | Trade Cart ×5 |
| 3:56 | Create | Trade Cart ×5 |
| 3:56 | Create | Trade Cart ×5 |
| 3:57 | Create | Trade Cart ×5 |
| 3:57 | Create | Trade Cart ×5 |
| 3:57 | Create | Trade Cart ×5 |
| 4:15 | Build | House |
| 4:16 | Build | House |
| 4:17 | Build | House |
| 4:21 | Build | House |
| 4:22 | Build | House |
| 4:25 | Build | House |
| 4:27 | Build | House |
| 4:28 | Build | House |
| 4:29 | Build | House |
| 4:34 | Build | House |
| 4:35 | Build | House |
| 4:36 | Build | House |
| 4:37 | Build | House |
| 4:39 | Build | House |
| 4:43 | Build | House |
| 4:44 | Build | House |
| 4:45 | Build | House |
| 4:46 | Build | House |
| 4:48 | Build | House |
| 4:51 | Build | House |
| 4:53 | Build | House |
| 4:54 | Build | House |
| 4:55 | Build | House |
| 4:56 | Build | House |
| 4:59 | Create | Villager (Male) ×5 |
| 4:59 | Create | Villager (Male) ×5 |
| 5:00 | Create | Villager (Male) ×5 |
| 5:00 | Create | Villager (Male) ×5 |
| 5:11 | Build | Lumber Camp |
| 5:13 | Create | Villager (Male) ×5 |
| 5:13 | Create | Villager (Male) ×5 |
| 5:14 | Create | Villager (Male) ×5 |
| 5:14 | Create | Villager (Male) ×5 |
| 5:14 | Create | Villager (Male) ×5 |
| 5:14 | Create | Villager (Male) ×5 |
| 5:20 | Create | Villager (Male) ×5 |
| 5:20 | Create | Villager (Male) ×5 |
| 5:20 | Create | Villager (Male) ×5 |
| 5:21 | Create | Villager (Male) ×5 |
| 5:32 | Create | Villager (Male) ×5 |
| 5:33 | Create | Villager (Male) ×5 |
| 5:33 | Create | Villager (Male) ×5 |
| 5:33 | Create | Villager (Male) |
| 5:34 | Create | Villager (Male) ×4 |
| 5:34 | Create | Villager (Male) ×4 |
| 5:36 | Create | Villager (Male) |
| 5:37 | Create | Villager (Male) ×4 |
| 5:37 | Create | Villager (Male) ×4 |
| 5:39 | Create | Villager (Male) |
| 5:39 | Create | Villager (Male) |
| 5:40 | Create | Villager (Male) |
| 5:41 | Create | Villager (Male) |
| 5:41 | Create | Villager (Male) |
| 5:44 | Create | Villager (Male) |
| 5:44 | Create | Villager (Male) |
| 5:44 | Create | Villager (Male) |
| 5:56 | Build | Castle |
| 5:58 | Build | Castle |
| 6:01 | Build | Castle |
| 6:03 | Build | Castle |
| 6:05 | Build | Castle |
| 6:07 | Build | Castle |
| 6:09 | Build | Castle |
| 6:11 | Build | Castle |
| 6:56 | Build | Stone Wall |
| 7:04 | Build | Stone Wall |
| 7:12 | Build | Building 490 |
| 7:16 | Build | Building 490 |
| 7:19 | Build | Building 490 |
| 7:21 | Build | Building 490 |
| 7:24 | Build | Building 490 |
| 7:27 | Build | Building 490 |
| 7:30 | Build | Building 490 |
| 7:33 | Build | Building 490 |
| 7:34 | Build | Building 490 |
| 7:43 | Create | Villager (Male) ×5 |
| 7:43 | Create | Villager (Male) ×5 |
| 7:43 | Create | Villager (Male) ×5 |
| 7:43 | Create | Villager (Male) ×5 |
| 7:52 | Build | Lumber Camp |
| 8:05 | Build | Farm |
| 8:07 | Build | Farm |
| 8:09 | Build | Farm |
Build order — Daen
First 150 of 334 actions detected
| 0:11 | Build | Market |
| 0:12 | Build | Market |
| 0:14 | Build | Market |
| 0:15 | Build | Market |
| 0:22 | Build | House |
| 0:23 | Build | House |
| 0:24 | Build | House |
| 0:25 | Build | House |
| 0:28 | Build | House |
| 0:29 | Build | House |
| 0:30 | Build | House |
| 0:31 | Build | House |
| 0:32 | Build | House |
| 0:33 | Build | House |
| 0:36 | Build | House |
| 0:37 | Build | House |
| 0:38 | Build | House |
| 0:39 | Build | House |
| 0:40 | Build | House |
| 0:40 | Build | House |
| 0:42 | Build | House |
| 0:43 | Build | House |
| 0:44 | Build | House |
| 0:45 | Build | House |
| 0:46 | Build | House |
| 0:46 | Build | House |
| 0:48 | Build | House |
| 0:49 | Build | House |
| 0:50 | Build | House |
| 0:51 | Build | House |
| 0:52 | Build | House |
| 0:52 | Build | House |
| 0:53 | Build | House |
| 1:15 | Build | Mining Camp |
| 1:33 | Build | Town Center |
| 1:35 | Build | Town Center |
| 1:54 | Build | Town Center |
| 1:57 | Build | Town Center |
| 1:59 | Build | Town Center |
| 2:01 | Build | Town Center |
| 2:09 | Build | Town Center |
| 2:11 | Build | Town Center |
| 2:15 | Build | Town Center |
| 2:19 | Build | Town Center |
| 2:23 | Build | Town Center |
| 2:27 | Build | Town Center |
| 2:45 | Build | Town Center |
| 2:48 | Build | Town Center |
| 2:51 | Build | Town Center |
| 2:55 | Build | Town Center |
| 3:00 | Create | Villager (Male) ×5 |
| 3:01 | Create | Villager (Male) ×5 |
| 3:01 | Create | Villager (Male) ×5 |
| 3:02 | Create | Villager (Male) ×5 |
| 3:02 | Create | Villager (Male) ×5 |
| 3:02 | Create | Villager (Male) ×5 |
| 3:03 | Create | Villager (Male) ×5 |
| 3:03 | Create | Villager (Male) ×5 |
| 3:04 | Create | Villager (Male) ×5 |
| 3:12 | Create | Trade Cart ×5 |
| 3:12 | Create | Trade Cart ×5 |
| 3:13 | Create | Trade Cart ×5 |
| 3:13 | Create | Trade Cart ×5 |
| 3:13 | Create | Trade Cart ×5 |
| 3:14 | Create | Trade Cart ×5 |
| 3:14 | Create | Trade Cart ×5 |
| 3:15 | Create | Trade Cart ×5 |
| 3:15 | Create | Trade Cart ×5 |
| 3:15 | Create | Trade Cart ×5 |
| 3:16 | Create | Trade Cart ×5 |
| 3:16 | Create | Trade Cart ×5 |
| 3:34 | Build | Stone Wall |
| 3:44 | Create | Villager (Male) ×5 |
| 3:45 | Create | Villager (Male) ×5 |
| 3:45 | Create | Villager (Male) ×5 |
| 3:46 | Create | Villager (Male) ×3 |
| 3:46 | Create | Villager (Male) ×5 |
| 3:55 | Build | Mining Camp |
| 4:02 | Create | Villager (Male) ×5 |
| 4:06 | Create | Villager (Male) ×5 |
| 4:07 | Create | Villager (Male) ×3 |
| 4:09 | Create | Villager (Male) |
| 4:11 | Create | Villager (Male) |
| 4:16 | Create | Villager (Male) ×5 |
| 4:16 | Create | Villager (Male) ×5 |
| 4:17 | Create | Villager (Male) ×5 |
| 4:17 | Create | Villager (Male) ×3 |
| 4:41 | Build | Monastery |
| 5:01 | Create | Trade Cart ×5 |
| 5:17 | Create | Villager (Male) ×5 |
| 5:17 | Create | Villager (Male) ×5 |
| 5:18 | Create | Villager (Male) ×5 |
| 5:18 | Create | Villager (Male) ×5 |
| 5:19 | Create | Villager (Male) ×5 |
| 5:19 | Create | Villager (Male) ×2 |
| 5:30 | Create | Monk |
| 5:37 | Build | Mining Camp |
| 5:44 | Create | Villager (Male) ×5 |
| 5:44 | Create | Villager (Male) ×5 |
| 5:45 | Create | Villager (Male) ×5 |
| 5:45 | Create | Villager (Male) ×5 |
| 5:46 | Create | Villager (Male) ×2 |
| 5:58 | Build | Mining Camp |
| 6:11 | Create | Villager (Male) ×5 |
| 6:11 | Create | Villager (Male) ×5 |
| 6:12 | Create | Villager (Male) ×5 |
| 6:12 | Create | Villager (Male) ×5 |
| 6:12 | Create | Villager (Male) ×3 |
| 6:41 | Build | Lumber Camp |
| 6:47 | Create | Villager (Male) ×5 |
| 6:47 | Create | Villager (Male) ×5 |
| 6:48 | Create | Villager (Male) ×5 |
| 6:48 | Create | Villager (Male) ×5 |
| 6:49 | Create | Villager (Male) ×5 |
| 6:49 | Create | Villager (Male) ×5 |
| 7:05 | Create | Villager (Male) ×4 |
| 7:05 | Create | Villager (Male) ×5 |
| 7:06 | Create | Villager (Male) ×5 |
| 7:06 | Create | Villager (Male) ×5 |
| 7:28 | Create | Villager (Male) ×5 |
| 7:29 | Create | Villager (Male) ×5 |
| 7:30 | Create | Villager (Male) |
| 7:51 | Build | Farm |
| 7:52 | Build | Farm |
| 7:52 | Build | Farm |
| 7:53 | Build | Farm |
| 7:53 | Build | Farm |
| 7:53 | Build | Farm |
| 7:54 | Build | Farm |
| 7:54 | Build | Farm |
| 7:55 | Build | Farm |
| 7:55 | Build | Farm |
| 7:55 | Build | Farm |
| 7:56 | Build | Farm |
| 7:56 | Build | Farm |
| 7:58 | Build | Farm |
| 7:58 | Build | Farm |
| 7:59 | Build | Farm |
| 7:59 | Build | Farm |
| 7:59 | Build | Farm |
| 8:00 | Build | Farm |
| 8:00 | Build | Farm |
| 8:01 | Build | Farm |
| 8:01 | Build | Farm |
| 8:02 | Build | Farm |
| 8:02 | Build | Farm |
| 8:03 | Build | Farm |
| 8:03 | Build | Farm |
| 8:03 | Build | Farm |
| 8:04 | Build | Farm |
Build order — FIII5
First 150 of 435 actions detected
| 0:08 | Build | Town Center |
| 0:14 | Build | Town Center |
| 0:18 | Build | Town Center |
| 0:22 | Build | Town Center |
| 0:23 | Create | Villager (Male) |
| 0:23 | Create | Villager (Male) |
| 0:24 | Create | Villager (Male) |
| 0:28 | Build | House |
| 0:30 | Build | House |
| 0:31 | Build | House |
| 0:32 | Build | House |
| 0:37 | Build | House |
| 0:38 | Build | House |
| 0:40 | Create | Villager (Male) ×5 |
| 0:59 | Build | Town Center |
| 1:08 | Build | Town Center |
| 1:13 | Build | Town Center |
| 1:14 | Build | Town Center |
| 1:17 | Build | Town Center |
| 1:20 | Build | Town Center |
| 1:21 | Build | Town Center |
| 1:24 | Build | Town Center |
| 1:25 | Build | Town Center |
| 1:35 | Build | Town Center |
| 1:40 | Build | Town Center |
| 1:44 | Create | Villager (Male) ×5 |
| 1:44 | Create | Villager (Male) ×5 |
| 1:44 | Create | Villager (Male) ×5 |
| 1:45 | Create | Villager (Male) ×5 |
| 1:45 | Create | Villager (Male) ×5 |
| 1:45 | Create | Villager (Male) ×5 |
| 1:46 | Create | Villager (Male) ×5 |
| 1:46 | Create | Villager (Male) ×5 |
| 1:46 | Create | Villager (Male) ×5 |
| 1:46 | Create | Villager (Male) ×5 |
| 1:57 | Build | Market |
| 2:00 | Build | Market |
| 2:02 | Build | Market |
| 2:04 | Build | Market |
| 2:06 | Build | Market |
| 2:09 | Build | Market |
| 2:10 | Build | Market |
| 2:11 | Build | Market |
| 2:12 | Build | Market |
| 2:13 | Build | Market |
| 2:14 | Build | Market |
| 2:16 | Build | Market |
| 2:25 | Build | Market |
| 2:29 | Build | Farm |
| 2:31 | Build | House |
| 2:32 | Build | House |
| 2:36 | Build | Farm |
| 2:38 | Build | Farm |
| 2:40 | Create | Villager (Male) ×5 |
| 2:41 | Create | Villager (Male) ×5 |
| 2:43 | Create | Villager (Male) ×5 |
| 2:43 | Create | Villager (Male) ×5 |
| 2:43 | Create | Villager (Male) ×5 |
| 2:44 | Create | Villager (Male) ×5 |
| 2:47 | Create | Villager (Male) ×5 |
| 2:47 | Create | Villager (Male) ×5 |
| 2:47 | Create | Villager (Male) |
| 2:50 | Create | Villager (Male) ×5 |
| 2:50 | Create | Villager (Male) |
| 2:53 | Create | Villager (Male) ×5 |
| 2:54 | Create | Villager (Male) ×5 |
| 2:54 | Create | Villager (Male) ×5 |
| 3:04 | Build | Town Center |
| 3:10 | Build | House |
| 3:11 | Build | House |
| 3:17 | Build | Mining Camp |
| 3:28 | Build | House |
| 3:29 | Build | House |
| 3:33 | Build | Farm |
| 3:38 | Create | Villager (Male) ×5 |
| 3:38 | Create | Villager (Male) ×5 |
| 3:38 | Create | Villager (Male) ×5 |
| 3:41 | Create | Villager (Male) ×5 |
| 3:42 | Create | Villager (Male) ×5 |
| 3:42 | Create | Villager (Male) ×5 |
| 3:47 | Build | Farm |
| 3:50 | Build | Farm |
| 3:53 | Build | Farm |
| 3:59 | Create | Villager (Male) ×3 |
| 4:01 | Create | Villager (Male) ×2 |
| 4:01 | Create | Villager (Male) ×2 |
| 4:04 | Create | Villager (Male) ×5 |
| 4:05 | Create | Villager (Male) ×5 |
| 4:05 | Create | Villager (Male) ×5 |
| 4:05 | Create | Villager (Male) ×5 |
| 4:06 | Create | Villager (Male) ×2 |
| 4:07 | Create | Villager (Male) |
| 4:08 | Create | Villager (Male) |
| 4:09 | Create | Villager (Male) |
| 4:10 | Create | Villager (Male) ×5 |
| 4:10 | Create | Villager (Male) ×5 |
| 4:13 | Create | Villager (Male) ×3 |
| 4:16 | Build | Farm |
| 4:20 | Create | Villager (Male) ×5 |
| 4:21 | Create | Villager (Male) ×5 |
| 4:21 | Create | Villager (Male) ×5 |
| 4:25 | Build | Farm |
| 4:27 | Create | Villager (Male) |
| 4:30 | Build | House |
| 4:31 | Build | House |
| 4:31 | Build | House |
| 4:33 | Build | House |
| 4:34 | Build | House |
| 4:35 | Build | House |
| 4:38 | Build | House |
| 4:39 | Build | House |
| 4:40 | Build | House |
| 4:45 | Build | Farm |
| 4:47 | Create | Villager (Male) |
| 4:53 | Build | Town Center |
| 4:55 | Create | Villager (Male) ×2 |
| 4:59 | Create | Villager (Male) ×5 |
| 5:00 | Create | Villager (Male) ×5 |
| 5:00 | Create | Villager (Male) ×5 |
| 5:00 | Create | Villager (Male) ×5 |
| 5:11 | Build | Farm |
| 5:13 | Create | Villager (Male) |
| 5:14 | Create | Villager (Male) |
| 5:15 | Create | Villager (Male) ×2 |
| 5:15 | Create | Villager (Male) ×2 |
| 5:25 | Create | Trade Cart ×5 |
| 5:25 | Create | Trade Cart ×5 |
| 5:26 | Create | Trade Cart ×5 |
| 5:26 | Create | Trade Cart ×5 |
| 5:26 | Create | Trade Cart ×5 |
| 5:26 | Create | Trade Cart ×5 |
| 5:27 | Create | Trade Cart ×5 |
| 5:27 | Create | Trade Cart ×5 |
| 5:27 | Create | Trade Cart ×5 |
| 5:28 | Create | Trade Cart ×5 |
| 5:28 | Create | Trade Cart ×5 |
| 5:28 | Create | Trade Cart ×5 |
| 5:29 | Create | Trade Cart ×5 |
| 5:29 | Create | Trade Cart ×5 |
| 5:29 | Create | Trade Cart ×5 |
| 5:30 | Create | Trade Cart ×5 |
| 5:30 | Create | Trade Cart ×5 |
| 5:30 | Create | Trade Cart ×5 |
| 5:31 | Create | Trade Cart ×5 |
| 5:31 | Create | Trade Cart ×5 |
| 5:35 | Create | Villager (Male) |
| 5:36 | Create | Villager (Male) |
| 5:36 | Create | Villager (Male) |
| 5:36 | Create | Villager (Male) |
| 5:38 | Create | Villager (Male) |
Build order — sysko
First 150 of 312 actions detected
| 0:03 | Create | Villager (Male) ×5 |
| 0:03 | Create | Villager (Male) ×5 |
| 0:03 | Create | Villager (Male) ×5 |
| 0:12 | Build | Town Center |
| 0:16 | Build | Town Center |
| 0:18 | Build | Town Center |
| 0:19 | Build | Town Center |
| 0:33 | Build | House |
| 0:33 | Build | House |
| 0:34 | Build | House |
| 0:35 | Build | House |
| 0:36 | Build | House |
| 0:37 | Build | House |
| 0:38 | Build | House |
| 0:39 | Build | House |
| 0:40 | Build | House |
| 0:40 | Build | House |
| 0:50 | Build | Town Center |
| 1:00 | Build | Market |
| 1:07 | Build | Stone Wall |
| 1:13 | Build | Stone Wall |
| 1:19 | Build | Stone Wall |
| 1:27 | Build | Stone Wall |
| 1:34 | Build | Building 490 |
| 1:43 | Create | Villager (Male) ×5 |
| 1:43 | Create | Villager (Male) ×5 |
| 1:43 | Create | Villager (Male) ×5 |
| 1:44 | Create | Villager (Male) ×5 |
| 1:44 | Create | Villager (Male) ×5 |
| 1:44 | Create | Villager (Male) ×5 |
| 1:45 | Create | Villager (Male) ×5 |
| 1:53 | Build | Monastery |
| 2:07 | Create | Villager (Male) ×5 |
| 2:07 | Create | Villager (Male) ×5 |
| 2:08 | Create | Villager (Male) ×5 |
| 2:08 | Create | Villager (Male) ×5 |
| 2:08 | Create | Villager (Male) ×5 |
| 2:16 | Build | Town Center |
| 2:19 | Build | Town Center |
| 2:31 | Create | Monk |
| 2:40 | Build | House |
| 2:41 | Build | House |
| 2:43 | Build | House |
| 2:43 | Build | House |
| 2:44 | Build | House |
| 2:46 | Build | House |
| 2:47 | Build | House |
| 2:48 | Build | House |
| 2:49 | Build | House |
| 2:49 | Build | House |
| 2:50 | Build | House |
| 2:52 | Build | House |
| 3:09 | Build | Building 490 |
| 3:10 | Build | Building 490 |
| 3:30 | Create | Villager (Male) ×5 |
| 3:30 | Create | Villager (Male) ×5 |
| 3:30 | Create | Villager (Male) ×5 |
| 3:30 | Create | Villager (Male) ×5 |
| 3:31 | Create | Villager (Male) ×5 |
| 3:31 | Create | Villager (Male) ×5 |
| 3:31 | Create | Villager (Male) ×5 |
| 3:32 | Create | Villager (Male) ×5 |
| 3:36 | Build | Lumber Camp |
| 3:41 | Build | Lumber Camp |
| 3:47 | Create | Villager (Male) ×5 |
| 3:47 | Create | Villager (Male) ×5 |
| 3:47 | Create | Villager (Male) ×5 |
| 3:48 | Create | Villager (Male) ×5 |
| 3:48 | Create | Villager (Male) ×5 |
| 3:48 | Create | Villager (Male) ×5 |
| 3:49 | Create | Villager (Male) ×5 |
| 3:49 | Create | Villager (Male) ×2 |
| 4:00 | Build | Farm |
| 4:02 | Build | Farm |
| 4:03 | Build | Farm |
| 4:04 | Build | Farm |
| 4:05 | Build | Farm |
| 4:07 | Build | Farm |
| 4:09 | Build | Farm |
| 4:11 | Build | Farm |
| 4:27 | Build | Market |
| 4:28 | Build | Market |
| 4:30 | Build | Market |
| 4:34 | Build | Market |
| 4:35 | Build | Market |
| 4:42 | Build | Market |
| 4:44 | Build | Market |
| 4:47 | Build | Market |
| 4:48 | Build | Market |
| 5:09 | Build | Mining Camp |
| 5:18 | Build | Mining Camp |
| 5:29 | Build | Mining Camp |
| 5:40 | Build | Mining Camp |
| 5:52 | Build | Mining Camp |
| 6:02 | Build | Mining Camp |
| 6:15 | Build | Mining Camp |
| 6:21 | Create | Villager (Male) ×5 |
| 6:22 | Create | Villager (Male) ×5 |
| 6:22 | Create | Villager (Male) ×5 |
| 6:22 | Create | Villager (Male) ×5 |
| 6:23 | Create | Villager (Male) ×5 |
| 6:23 | Create | Villager (Male) ×5 |
| 6:24 | Create | Villager (Male) ×5 |
| 6:38 | Build | Stone Wall |
| 6:50 | Build | Stone Wall |
| 6:53 | Build | Stone Wall |
| 6:56 | Build | Stone Wall |
| 7:04 | Build | Building 490 |
| 7:05 | Build | Building 490 |
| 7:44 | Build | Lumber Camp |
| 7:54 | Build | Lumber Camp |
| 8:48 | Build | Lumber Camp |
| 9:05 | Build | Castle |
| 9:12 | Build | Castle |
| 9:15 | Build | Castle |
| 9:17 | Build | Castle |
| 9:20 | Build | Castle |
| 9:23 | Build | Castle |
| 9:28 | Build | Castle |
| 9:41 | Build | Stone Wall |
| 9:44 | Build | Stone Wall |
| 9:56 | Build | Stone Wall |
| 10:01 | Build | Stone Wall |
| 10:04 | Build | Building 487 |
| 10:06 | Build | Building 487 |
| 10:07 | Build | Building 487 |
| 10:08 | Build | Building 487 |
| 10:10 | Build | Building 487 |
| 10:14 | Build | Building 490 |
| 10:15 | Build | Building 490 |
| 10:17 | Build | Building 490 |
| 10:21 | Build | Building 490 |
| 10:22 | Build | Building 490 |
| 10:38 | Build | Siege Workshop |
| 10:39 | Build | Siege Workshop |
| 10:41 | Build | Siege Workshop |
| 10:42 | Build | Siege Workshop |
| 10:43 | Build | Siege Workshop |
| 10:44 | Build | Siege Workshop |
| 10:46 | Build | Siege Workshop |
| 10:47 | Build | Siege Workshop |
| 10:48 | Build | Siege Workshop |
| 10:53 | Build | Stable |
| 10:54 | Build | Stable |
| 10:56 | Build | Stable |
| 10:58 | Build | Stable |
| 10:59 | Build | Stable |
| 11:00 | Build | Stable |
| 11:02 | Build | Stable |
| 11:03 | Build | Stable |
Build order — THE GOD KEEM
First 150 of 683 actions detected
| 0:26 | Build | Town Center |
| 0:33 | Build | Town Center |
| 0:40 | Build | Town Center |
| 0:48 | Build | Town Center |
| 0:54 | Build | Town Center |
| 1:06 | Build | Town Center |
| 1:13 | Build | Town Center |
| 1:21 | Build | Town Center |
| 1:37 | Build | Market |
| 1:40 | Build | Market |
| 1:43 | Build | Market |
| 1:58 | Build | Market |
| 2:31 | Create | Villager (Male) ×15 |
| 2:31 | Create | Villager (Male) |
| 2:32 | Create | Villager (Male) ×15 |
| 2:32 | Create | Villager (Male) |
| 2:33 | Create | Villager (Male) ×15 |
| 2:33 | Create | Villager (Male) |
| 2:34 | Create | Villager (Male) ×15 |
| 2:34 | Create | Villager (Male) |
| 2:35 | Create | Villager (Male) ×15 |
| 2:35 | Create | Villager (Male) |
| 2:36 | Create | Villager (Male) ×10 |
| 2:36 | Create | Villager (Male) |
| 3:43 | Build | Castle |
| 3:48 | Build | Castle |
| 3:59 | Build | Castle |
| 4:34 | Build | Castle |
| 5:12 | Build | Lumber Camp |
| 5:24 | Build | Lumber Camp |
| 5:38 | Build | Barracks |
| 5:41 | Build | Barracks |
| 5:45 | Build | Barracks |
| 5:47 | Build | Barracks |
| 5:50 | Build | Barracks |
| 5:55 | Build | Barracks |
| 5:57 | Build | Barracks |
| 6:04 | Build | Barracks |
| 6:18 | Build | Barracks |
| 6:20 | Build | Barracks |
| 6:22 | Build | Barracks |
| 6:24 | Build | Barracks |
| 6:25 | Build | Barracks |
| 6:27 | Build | Barracks |
| 6:29 | Build | Barracks |
| 6:30 | Build | Barracks |
| 6:39 | Build | Barracks |
| 6:46 | Build | Barracks |
| 7:36 | Build | Siege Workshop |
| 7:38 | Build | Siege Workshop |
| 7:43 | Build | Siege Workshop |
| 7:46 | Build | Siege Workshop |
| 7:50 | Build | Siege Workshop |
| 7:51 | Build | Siege Workshop |
| 7:59 | Build | Siege Workshop |
| 8:12 | Build | Bombard Tower |
| 8:31 | Build | Bombard Tower |
| 8:45 | Build | Bombard Tower |
| 8:59 | Build | Castle |
| 9:23 | Build | Lumber Camp |
| 10:15 | Build | Lumber Camp |
| 10:44 | Build | Castle |
| 11:18 | Build | Bombard Tower |
| 11:40 | Build | Bombard Tower |
| 11:53 | Build | Bombard Tower |
| 12:05 | Build | Bombard Tower |
| 12:17 | Build | Bombard Tower |
| 12:27 | Build | Lumber Camp |
| 13:45 | Build | Stone Wall |
| 13:58 | Build | Building 490 |
| 14:01 | Build | Building 490 |
| 14:04 | Build | Building 490 |
| 14:06 | Build | Building 490 |
| 14:50 | Build | House |
| 14:53 | Build | House |
| 14:56 | Build | House |
| 14:58 | Build | House |
| 15:01 | Build | House |
| 15:04 | Build | House |
| 15:06 | Build | House |
| 15:09 | Build | House |
| 15:11 | Build | House |
| 15:14 | Build | House |
| 15:15 | Build | House |
| 15:18 | Build | House |
| 15:20 | Build | House |
| 15:23 | Build | House |
| 15:26 | Build | House |
| 15:27 | Build | House |
| 15:30 | Build | House |
| 15:32 | Build | House |
| 15:34 | Build | House |
| 15:35 | Build | House |
| 15:38 | Build | House |
| 15:42 | Build | House |
| 15:44 | Build | House |
| 15:45 | Build | House |
| 16:02 | Build | House |
| 16:03 | Build | House |
| 16:05 | Build | House |
| 16:07 | Build | House |
| 16:14 | Build | House |
| 16:15 | Build | House |
| 16:17 | Build | House |
| 16:20 | Build | House |
| 16:45 | Build | Lumber Camp |
| 19:18 | Build | Farm |
| 19:18 | Build | Farm |
| 19:18 | Build | Farm |
| 19:18 | Build | Farm |
| 19:18 | Build | Farm |
| 19:19 | Build | Farm |
| 19:19 | Build | Farm |
| 19:19 | Build | Farm |
| 19:19 | Build | Farm |
| 19:19 | Build | Farm |
| 19:19 | Build | Farm |
| 19:19 | Build | Farm |
| 19:19 | Build | Farm |
| 19:19 | Build | Farm |
| 19:19 | Build | Farm |
| 19:19 | Build | Farm |
| 19:19 | Build | Farm |
| 19:19 | Build | Farm |
| 19:19 | Build | Farm |
| 19:19 | Build | Farm |
| 19:19 | Build | Farm |
| 19:19 | Build | Farm |
| 19:19 | Build | Farm |
| 19:19 | Build | Farm |
| 19:19 | Build | Farm |
| 19:19 | Build | Farm |
| 19:20 | Build | Farm |
| 19:20 | Build | Farm |
| 19:20 | Build | Farm |
| 19:20 | Build | Farm |
| 19:20 | Build | Farm |
| 19:20 | Build | Farm |
| 19:20 | Build | Farm |
| 19:20 | Build | Farm |
| 19:20 | Build | Farm |
| 19:20 | Build | Farm |
| 19:20 | Build | Farm |
| 19:20 | Build | Farm |
| 19:20 | Build | Farm |
| 19:20 | Build | Farm |
| 19:20 | Build | Farm |
| 19:20 | Build | Farm |
| 19:20 | Build | Farm |
| 19:20 | Build | Farm |
Build order — Dennis "Cutty" Wise
First 150 of 364 actions detected
| 0:03 | Create | Villager (Male) ×5 |
| 0:03 | Create | Villager (Male) ×5 |
| 0:03 | Create | Villager (Male) ×5 |
| 0:07 | Build | Castle |
| 0:55 | Build | Town Center |
| 1:02 | Build | Town Center |
| 1:12 | Research | Spies/Treason |
| 1:15 | Create | Villager (Male) |
| 1:16 | Create | Villager (Male) |
| 1:16 | Create | Villager (Male) |
| 1:31 | Create | Villager (Male) |
| 1:31 | Create | Villager (Male) |
| 1:35 | Build | Town Center |
| 1:42 | Create | Villager (Male) ×5 |
| 1:42 | Create | Villager (Male) ×5 |
| 1:42 | Create | Villager (Male) ×5 |
| 1:56 | Create | Villager (Male) ×5 |
| 1:56 | Create | Villager (Male) ×5 |
| 1:57 | Create | Villager (Male) ×5 |
| 1:57 | Create | Villager (Male) ×5 |
| 1:58 | Create | Villager (Male) |
| 2:02 | Build | Mill |
| 2:09 | Build | Town Center |
| 2:18 | Build | Town Center |
| 2:21 | Create | Villager (Male) |
| 2:21 | Create | Villager (Male) |
| 2:32 | Build | Town Center |
| 2:34 | Create | Villager (Male) |
| 2:34 | Create | Villager (Male) |
| 2:35 | Create | Villager (Male) |
| 2:35 | Create | Villager (Male) |
| 2:46 | Build | Town Center |
| 2:48 | Create | Villager (Male) |
| 2:48 | Create | Villager (Male) |
| 2:55 | Create | Villager (Male) ×5 |
| 2:55 | Create | Villager (Male) ×5 |
| 2:56 | Create | Villager (Male) ×5 |
| 3:08 | Build | Town Center |
| 3:18 | Build | Farm |
| 3:22 | Create | Villager (Male) ×5 |
| 3:22 | Create | Villager (Male) ×5 |
| 3:23 | Create | Villager (Male) ×5 |
| 3:49 | Build | Market |
| 3:50 | Build | Market |
| 3:53 | Create | Villager (Male) ×5 |
| 3:53 | Create | Villager (Male) ×5 |
| 3:53 | Create | Villager (Male) ×5 |
| 3:58 | Create | Villager (Male) ×5 |
| 3:58 | Create | Villager (Male) ×5 |
| 4:02 | Create | Villager (Male) ×5 |
| 4:03 | Create | Villager (Male) ×5 |
| 4:03 | Create | Villager (Male) ×5 |
| 4:03 | Create | Villager (Male) ×5 |
| 4:04 | Create | Villager (Male) ×5 |
| 4:04 | Create | Villager (Male) ×5 |
| 4:04 | Create | Villager (Male) ×5 |
| 4:05 | Create | Villager (Male) ×5 |
| 4:05 | Create | Villager (Male) ×5 |
| 4:05 | Create | Villager (Male) ×5 |
| 4:06 | Create | Villager (Male) ×5 |
| 4:21 | Create | Villager (Male) |
| 4:21 | Create | Villager (Male) |
| 4:22 | Create | Villager (Male) |
| 4:25 | Build | Farm |
| 4:27 | Build | Farm |
| 4:28 | Build | Farm |
| 4:31 | Build | Farm |
| 4:33 | Build | Farm |
| 4:38 | Create | Villager (Male) |
| 4:39 | Create | Villager (Male) |
| 4:41 | Build | Farm |
| 4:42 | Build | Farm |
| 4:44 | Build | Farm |
| 4:45 | Create | Villager (Male) ×5 |
| 4:46 | Create | Villager (Male) ×5 |
| 4:48 | Build | Farm |
| 4:49 | Build | Farm |
| 4:51 | Build | Farm |
| 4:53 | Build | Farm |
| 4:56 | Create | Villager (Male) ×3 |
| 4:56 | Create | Villager (Male) ×3 |
| 5:02 | Build | Farm |
| 5:03 | Build | Farm |
| 5:05 | Build | Farm |
| 5:06 | Build | Farm |
| 5:08 | Build | Farm |
| 5:09 | Build | Farm |
| 5:11 | Create | Villager (Male) ×5 |
| 5:11 | Create | Villager (Male) ×5 |
| 5:12 | Create | Villager (Male) |
| 5:15 | Build | Farm |
| 5:16 | Build | Farm |
| 5:18 | Build | Farm |
| 5:20 | Create | Villager (Male) ×3 |
| 5:21 | Create | Villager (Male) ×3 |
| 5:28 | Build | Farm |
| 5:30 | Build | Farm |
| 5:34 | Build | House |
| 5:34 | Build | House |
| 5:35 | Build | House |
| 5:35 | Build | House |
| 5:36 | Build | House |
| 5:36 | Build | House |
| 5:36 | Build | House |
| 5:36 | Build | House |
| 5:38 | Create | Villager (Male) |
| 5:39 | Create | Villager (Male) |
| 5:39 | Create | Villager (Male) |
| 5:44 | Build | Castle |
| 5:48 | Build | Castle |
| 5:50 | Create | Villager (Male) |
| 5:50 | Create | Villager (Male) |
| 5:54 | Build | Castle |
| 5:57 | Build | Castle |
| 5:59 | Create | Villager (Male) |
| 6:00 | Create | Villager (Male) |
| 6:00 | Create | Villager (Male) |
| 6:00 | Create | Villager (Male) |
| 6:03 | Create | Villager (Male) |
| 6:03 | Create | Villager (Male) |
| 6:04 | Create | Villager (Male) |
| 6:16 | Build | Monastery |
| 6:18 | Build | House |
| 6:19 | Build | House |
| 6:20 | Build | House |
| 6:20 | Build | House |
| 6:21 | Build | House |
| 6:22 | Build | House |
| 6:23 | Build | House |
| 6:23 | Build | House |
| 6:24 | Build | House |
| 6:25 | Build | House |
| 6:27 | Build | House |
| 6:29 | Build | House |
| 6:31 | Build | House |
| 6:32 | Build | House |
| 6:33 | Build | House |
| 6:34 | Build | House |
| 6:36 | Build | House |
| 6:38 | Build | House |
| 6:38 | Build | House |
| 6:39 | Build | House |
| 6:39 | Build | House |
| 6:40 | Build | House |
| 6:40 | Build | House |
| 6:43 | Build | House |
| 6:44 | Build | House |
| 6:46 | Create | Villager (Male) ×5 |
| 6:46 | Create | Villager (Male) ×5 |
| 6:49 | Create | Villager (Male) |
Match timeline
| 0:07 | Dennis "Cutty" Wise · first_building Castle |
| 1:07 | sysko · wall_segment Stone Wall x16 |
| 1:13 | sysko · wall_segment Stone Wall x29 |
| 1:19 | sysko · wall_segment Stone Wall x10 |
| 1:27 | sysko · wall_segment Stone Wall x60 |
| 1:53 | sysko · first_building Monastery |
| 3:34 | Daen · wall_segment Stone Wall x99 |
| 3:43 | THE GOD KEEM · first_building Castle |
| 4:41 | Daen · first_building Monastery |
| 5:38 | THE GOD KEEM · first_building Barracks |
| 5:56 | IsaacNewton · first_building Castle |
| 6:16 | Dennis "Cutty" Wise · first_building Monastery |
| 6:38 | sysko · wall_segment Stone Wall x3 |
| 6:50 | sysko · wall_segment Stone Wall x116 |
| 6:53 | sysko · wall_segment Stone Wall x10 |
| 6:56 | IsaacNewton · wall_segment Stone Wall x81 |
| 6:56 | sysko · wall_segment Stone Wall x3 |
| 7:04 | IsaacNewton · wall_segment Stone Wall x10 |
| 7:06 | FIII5 · wall_segment Stone Wall x44 |
| 7:13 | FIII5 · wall_segment Stone Wall x24 |
| 7:36 | THE GOD KEEM · first_building Siege Workshop |
| 8:33 | Dennis "Cutty" Wise · first_building Siege Workshop |
| 8:56 | IsaacNewton · wall_segment Stone Wall x28 |
| 9:03 | IsaacNewton · wall_segment Stone Wall x15 |
| 9:05 | sysko · first_building Castle |
| 9:07 | FIII5 · first_building Castle |
| 9:35 | Dennis "Cutty" Wise · first_market_sell 500 food |
| 9:41 | sysko · wall_segment Stone Wall x21 |
| 9:42 | FIII5 · first_building Stable |
| 9:44 | sysko · wall_segment Stone Wall x3 |
| 9:56 | sysko · wall_segment Stone Wall x70 |
| 10:01 | sysko · wall_segment Stone Wall x47 |
| 10:31 | Dennis "Cutty" Wise · first_building Barracks |
| 10:38 | sysko · first_building Siege Workshop |
| 10:53 | sysko · first_building Stable |
| 11:12 | IsaacNewton · first_building Siege Workshop |
| 12:18 | Daen · wall_segment Stone Wall x79 |
| 12:33 | Daen · first_building Stable |
| 13:45 | THE GOD KEEM · wall_segment Stone Wall x43 |
| 14:47 | Dennis "Cutty" Wise · first_building Stable |
| 14:48 | IsaacNewton · first_building Stable |
| 15:15 | FIII5 · first_building Archery Range |
| 15:29 | Daen · first_building Siege Workshop |
| 17:01 | Daen · first_market_buy 500 stone |
| 17:21 | FIII5 · wall_segment Stone Wall x6 |
| 17:43 | FIII5 · wall_segment Stone Wall x12 |
| 18:28 | Dennis "Cutty" Wise · wall_segment Stone Wall x3 |
| 18:39 | FIII5 · wall_segment Stone Wall x6 |
| 19:43 | IsaacNewton · wall_segment Stone Wall x25 |
| 19:44 | Daen · first_building Castle |
| 21:22 | Dennis "Cutty" Wise · first_market_buy 500 stone |
| 21:52 | IsaacNewton · wall_segment Stone Wall x24 |
| 21:54 | IsaacNewton · wall_segment Stone Wall x7 |
| 21:59 | FIII5 · wall_segment Stone Wall x8 |
| 22:01 | FIII5 · wall_segment Stone Wall x12 |
| 22:39 | sysko · first_building Archery Range |
| 23:00 | FIII5 · wall_segment Stone Wall x17 |
| 23:05 | FIII5 · wall_segment Stone Wall x16 |
| 23:07 | FIII5 · wall_segment Stone Wall x10 |
| 23:18 | IsaacNewton · resign |
[ AI ANALYSIS · 1 CREDIT ]
What really happened in this match?
Wolo.gg analyzes every decision: build order, eco, micro, common mistakes by bracket. Personalized analysis on WhatsApp or Discord in 30 seconds.
Civ guide
Mongols
Map guide
Michi
Perfil
Jugador #4124521